 Dungeon Crawl Stone Soup version 0.27-a0-1347-gd8886f0a89 (webtiles) character file.

Game seed: 16502154501033577553

3094 Sabo the Protected (level 9, -1/78 HPs)
             Began as a Minotaur Fighter on June 27, 2021.
             Was a Believer of Makhleb.
             Killed by nerve-wracking pain
             ... invoked by an orc priest
              (4 damage)
             ... on level 8 of the Dungeon.
             The game lasted 00:43:55 (7783 turns).

Sabo the Protected (Minotaur Fighter)               Turns: 7783, Time: 00:43:56

Health: -1/78      AC: 13    Str: 23    XL:     9   Next: 59%
Magic:  17/17      EV:  6    Int:  5    God:    Makhleb [**....]
Gold:   359        SH: 11    Dex: 11    Spells: 8/8 levels left

rFire    . . .     SeeInvis .   t - +5 rapier (holy)
rCold    . . .     Faith    .   c - +0 kite shield
rNeg     . . .     Spirit   .   r - +0 plate armour
rPois    .         Reflect  .   (helmet restricted)
rElec    .         Harm     .   (no cloak)
rCorr    .         Rampage  .   w - +2 pair of gloves
Will     .....                  (no boots)
Stlth    ..........             (no amulet)
HPRegen  0.23/turn              f - ring of magical power
MPRegen  0.15/turn              x - ring of flight

@: corroded, flying
A: horns 2, retaliatory headbutt
a: Renounce Religion, Minor Destruction


You were on level 8 of the Dungeon.
You worshipped Makhleb.
Makhleb was pleased with you.
You visited 2 branches of the dungeon, and saw 9 of its levels.

You collected 359 gold pieces.

Inventory:

Hand Weapons
 a - a +1 falchion of flaming
 t - a +5 rapier of holy wrath (weapon)
 u - a +0 shortbow
 y - a +0 vampiric hand axe
 A - a +0 war axe of protection
Missiles
 b - 36 bolts
 e - 10 javelins (quivered)
 g - 5 boomerangs
 p - 24 poisoned darts
 q - 89 arrows
Armour
 c - a +0 kite shield (worn)
 r - a +0 plate armour (worn)
 w - a +2 pair of gloves (worn)
Jewellery
 f - a ring of magical power (left hand)
 x - a ring of flight (right hand)
Wands
 z - a wand of polymorph (9)
 B - a wand of paralysis (5)
 D - a wand of flame (15)
Scrolls
 h - a scroll of magic mapping
 m - 2 scrolls of holy word
 s - a scroll of teleportation
Potions
 d - a potion of might
 i - 3 potions of curing {unknown}
 k - 2 potions of mutation {unknown}
 l - a potion of lignification {unknown}
 n - a potion of degeneration {unknown}
 o - a potion of ambrosia {unknown}
 v - a potion of heal wounds {unknown}
 C - 2 potions of cancellation {unknown}


   Skills:
 + Level 6.9 Fighting
 + Level 7.7 Short Blades
 + Level 7.1 Axes
 + Level 8.0 Armour
 + Level 1.4 Dodging
 + Level 1.0 Stealth
 + Level 7.9 Shields


You had 8 spell levels left.
You didn't know any spells.
Your spell library contained the following spells:

 Spells                   Type           Power      Damage    Failure   Level
 Foxfire                  Conj/Fire      0%         2x1d4     100%        1
 Magic Dart               Conj           0%         1d3       100%        1
 Blink                    Tloc           N/A        N/A       100%        2
 Call Imp                 Summ           0%         N/A       100%        2
 Searing Ray              Conj           0%         3d3       100%        2
 Slow                     Hex            0%         N/A       100%        2
 Confusing Touch          Hex            0%         N/A       100%        3
 Conjure Flame            Conj/Fire      0%         6-21      100%        3
 Dazzling Flash           Conj/Hex       0%         N/A       100%        3
 Gell's Gravitas          Tloc           0%         N/A       100%        3
 Inner Flame              Hex/Fire       0%         N/A       100%        3
 Mephitic Cloud           Conj/Pois/Air  0%         N/A       100%        3
 Cause Fear               Hex            0%         N/A       100%        4
 Fulminant Prism          Conj/Hex       0%         3d6       100%        4
 Iskenderun's Mystic Bla  Conj/Tloc      0%         2d3       100%        4
 Petrify                  Tmut/Erth      0%         N/A       100%        4
 Sticky Flame             Conj/Fire      0%         2d3       100%        4
 Fireball                 Conj/Fire      0%         3d3       100%        5
 Metabolic Englaciation   Hex/Ice        0%         N/A       100%        5
 Silence                  Hex/Air        0%         N/A       100%        5
 Yara's Violent Unravell  Hex/Tmut       0%         3d3       100%        5
 Discord                  Hex            0%         N/A       100%        8


Dungeon Overview and Level Annotations

Branches:
Dungeon (8/15)             Temple (1/1) D:4
   Lair: D:8-11

Altars:
Ashenzari
Cheibriados
Dithmenos
Elyvilon
Fedhas
Gozag
Hepliaklqana
Kikubaaqudgha
Makhleb
Okawaru
Qazlal
Ru
Sif Muna
Trog
Uskayaw
Vehumet
Wu Jian
Xom
Yredelemnul
Zin
The Shining One


Innate Abilities, Weirdness & Mutations

You have a pair of horns on your head.
You reflexively headbutt those who attack you in melee.


Message History

You block the orc warrior's attack. The acid dragon spits acid at you.
The splash of acid hits you but does no damage.
You are splashed with acid!
The orc priest mumbles some strange prayers to Beogh against you.
Pain shoots through your body!
The orc warrior hits you with a +0 battleaxe!
You completely miss the orc warrior. The orc warrior barely misses you.
You furiously retaliate!
You headbutt the orc warrior.
The acid dragon bites you but does no damage.
You block the acid dragon's attack.
The orc priest miscasts a cantrip.
You barely miss the orc warrior.
You headbutt the orc warrior, but do no damage.
The orc warrior is lightly wounded.
You block the orc warrior's attack. The acid dragon completely misses you.
The acid dragon barely misses you.
You puncture the orc warrior!
The orc warrior is heavily wounded.
The orc warrior hits you with a +0 battleaxe.
The acid dragon bites you!
* * * LOW HITPOINT WARNING * * *
The acid dragon barely misses you.
You hit the orc warrior but do no damage.
Your headbutt misses the orc warrior.
The orc warrior is heavily wounded.
The orc warrior barely misses you. The acid dragon spits acid at you.
The splash of acid hits you.
* * * LOW HITPOINT WARNING * * *
The acid corrodes you!
You are splashed with acid!
* * * LOW HITPOINT WARNING * * *
As you read the scroll of fear, it crumbles to dust.
You assume a fearsome visage.
The orc warrior looks frightened!
The acid dragon looks frightened!
The orc priest casts a cantrip, but nothing happens.
The orc priest looks satisfied for a moment.
The orc priest calls down the wrath of Beogh upon you.
Pain shoots through your body!
You die...

#.....## #D.....
#....# # #....# .#
#)#####.# #...#.[.
###.#.#
#.#..#######.####
###..#..o@.........
#......#######.....
#.#.##.# ###
#.#.##.# #.#.##.#
#.#.##.# ##.#.##.#
#....##.# #..####..


You could see an orc priest.

Vanquished Creatures
  A cyclops (D:8)
  Maggie (D:8)
  4 yaks (D:8)
  Duvessa (D:4)
  A water moccasin (D:5)
  A sky beast (D:5)
  4 ice beasts
  A black bear (D:7)
  An ogre (D:5)
  2 centaurs (D:7)
  Dowan (D:4)
  2 scorpions
  A centaur zombie (D:5)
  2 bullfrog zombies
  3 hounds (D:7)
  A jelly (D:6)
  A centaur skeleton (D:7)
  An orc priest (D:7)
  A bullfrog skeleton (D:5)
  An iguana (D:7)
  5 orc wizards
  8 adders
  2 howler monkey zombies
  A shadow imp (D:4)
  2 white imps
  2 adder skeletons (D:4)
  2 worms (D:2)
  2 dart slugs
  23 orcs
  7 ball pythons
  6 bats
  9 endoplasms
  5 giant cockroaches
  6 goblins
  5 hobgoblins (D:1)
  7 jackals
  2 quokkas
  2 frilled lizards
  9 kobolds
  3 rats
139 creatures vanquished.

Notes
Turn   | Place    | Note
-------+----------+-------------------------------------------
     0 | D:1      | Sabo the Minotaur Fighter began the quest for the Orb.
     0 | D:1      | Reached XP level 1. HP: 19/19 MP: 0/0
   208 | D:1      | Reached XP level 2. HP: 27/27 MP: 1/1
   421 | D:1      | Reached skill level 4 in Armour
   895 | D:2      | Reached XP level 3. HP: 33/33 MP: 2/2
  1599 | D:2      | Reached XP level 4. HP: 40/40 MP: 3/3
  2626 | D:4      | Found a staircase to the Ecumenical Temple.
  2647 | Temple   | Entered the Ecumenical Temple
  2988 | Temple   | Became a worshipper of Makhleb the Destroyer
  3108 | D:4      | Noticed a scorpion
  3113 | D:4      | Killed a scorpion
  3114 | D:4      | Reached skill level 5 in Axes
  3114 | D:4      | Reached skill level 1 in Dodging
  3114 | D:4      | Reached XP level 5. HP: 46/46 MP: 4/4
  3528 | D:4      | Noticed Duvessa
  3529 | D:4      | Noticed Dowan
  3541 | D:4      | Killed Duvessa
  3541 | D:4      | Killed Dowan
  3542 | D:4      | Reached skill level 5 in Armour
  3542 | D:4      | Reached XP level 6. HP: 26/53 MP: 5/5
  3974 | D:4      | Noticed an ice beast
  3989 | D:4      | Killed an ice beast
  3990 | D:4      | Reached skill level 5 in Shields
  4132 | D:5      | Entered Level 5 of the Dungeon
  4454 | D:5      | Noticed a sky beast
  4462 | D:5      | Killed a sky beast
  4463 | D:5      | Reached XP level 7. HP: 60/60 MP: 6/6
  4506 | D:5      | Reached skill level 5 in Fighting
  4506 | D:5      | Reached skill level 1 in Short Blades
  5302 | D:6      | Reached XP level 8. HP: 69/69 MP: 7/7
  5481 | D:6      | Reached * piety under Makhleb
  6041 | D:7      | Reached skill level 6 in Armour
  7051 | D:7      | Reached skill level 5 in Short Blades
  7452 | D:8      | Noticed a cyclops
  7459 | D:8      | Reached skill level 7 in Armour
  7459 | D:8      | Reached XP level 9. HP: 63/77 MP: 8/8
  7486 | D:8      | Killed a cyclops
  7486 | D:8      | Reached ** piety under Makhleb
  7487 | D:8      | Reached skill level 1 in Stealth
  7749 | D:8      | Noticed Maggie
  7762 | D:8      | Killed Maggie
  7763 | D:8      | Reached skill level 8 in Armour
  7771 | D:8      | HP: 1/78 [acid (14)]
  7783 | D:8      | Killed from afar by an orc priest

Illustrated notes

Levels and vault maps discovered:
D:1:      lemuel_arrival_tunnels, layout_basic, minmay_worlds_worst_comb
D:2:      layout_basic, minmay_tetromino_l2
D:3:      layout_basic
D:4:      layout_loops_ring, minmay_temple_entry_grid,
          small_statue_intersection, dk_noncrumbling_4, uniq_duvessa
D:5:      layout_basic, chequers_jeans, nrook_uturn
D:6:      layout_basic
D:7:      layout_gridville, moated_statue, kennysheep_generic_room_2
D:8:      layout_loops_ring, uniq_maggie
Temple:   minmay_crystal_snake_temple

Skill      XL: |  1  2  3  4  5  6  7  8  9 |
---------------+----------------------------+-----
Armour         | 4 5 7 8 |  8.0
Fighting       | 4 5 6 |  6.9
Axes           | 3 5 6 7 |  7.1
Shields        | 4 5 7 |  7.9
Dodging        | 1 |  1.4
Short Blades   | 2 5 7 |  7.7
Stealth        | 1 |  1.0

Action                   |  1- 3 |  4- 6 |  7- 9 || total
-------------------------+-------+-------+-------++-------
Melee: War axe           |    70 |    99 |       ||   169
       Headbutt          |     7 |    24 |    44 ||    75
       Rapier            |       |    23 |   191 ||   214
  Use: Scroll            |       |     5 |     9 ||    14
       Potion            |       |       |     1 ||     1
Armor: Scale mail        |    44 |    48 |       ||    92
       Plate armour      |       |    39 |   157 ||   196
Dodge: Dodged            |    24 |    31 |    39 ||    94
Block: Kite shield       |    38 |    75 |   121 ||   234

Table legend: (Time is in decaauts)
 A = Elapsed time spent in this place.
 B = Non-inter-level travel time spent in this place.
 C = Inter-level travel time spent in this place.
 D = Time resting spent in this place.
 E = Time spent auto-exploring this place.
 F = Levels seen in this place.
 G = Mean time per level.
                   A        B        C        D        E       F      G
               +--------+--------+--------+--------+--------+-----+--------+
         Total |   7909 |   7909 |      0 |   1712 |      0 |   9 |  878.8 |
       Dungeon |   7549 |   7549 |      0 |   1686 |      0 |   8 |  943.6 |
        Temple |    360 |    360 |      0 |     26 |      0 |   1 |  360.0 |
               +--------+--------+--------+--------+--------+-----+--------+

Top non-repeatable levels by time:
     D:7: 1444 daAuts
     D:4: 1170 daAuts
     D:5: 1063 daAuts
     D:3: 950 daAuts
     D:1: 905 daAuts
     D:6: 841 daAuts
     D:2: 839 daAuts
  Temple: 360 daAuts
     D:8: 334 daAuts
